 Dungeon Crawl Stone Soup version 0.25-a0-246-g58704a1ebd (console) character file.

Game seed: 5755636184382992454, levelgen mode: deterministic

12041 Kagalorn the Thaumaturge (level 11, -13/83 HPs)
             Began as a Gnoll Wizard on Dec 3, 2019.
             Was a Follower of Ashenzari.
             Hit by a silver javelin thrown by a minotaur (24 damage)
             ... in a Gauntlet.
             The game lasted 01:03:14 (16466 turns).

Kagalorn the Thaumaturge (Gnoll Wizard)            Turns: 16466, Time: 01:03:15

Health: -13/83     AC: 10    Str: 10    XL:     11   Next: 87%
Magic:  17/24      EV: 16    Int: 23    God:    Ashenzari [*.....]
Gold:   588        SH:  0    Dex: 14    Spells: 16/29 levels left

rFire    . . .     SeeInvis .   b - +1 dagger (venom)
rCold    . . .     Gourm    .   (no shield)
rNeg     . . .     Faith    .   y - +2 leather armour {rPois} (curse)
rPois    +         Spirit   .   N - +0 helmet (curse)
rElec    .         Reflect  .   (no cloak)
rCorr    .         Harm     .   F - +0 pair of gloves
MR       .....     NoTele   +   U - +1 pair of boots {run} (curse)
Stlth    ++++......             (no amulet)
HPRegen  0.23/turn              (no ring)
MPRegen  0.19/turn              (no ring)

@: very slightly contaminated, invisible, quick
A: distributed training, fangs 1, strong nose
a: Curse Item, Scrying, Renounce Religion


You were in a Gauntlet.
You worshipped Ashenzari.
Ashenzari was aware of your devotion.
You were not hungry.

You visited 3 branches of the dungeon, and saw 14 of its levels.
You also visited: Ossuary and Gauntlet.

You collected 741 gold pieces.
You spent 153 gold pieces at shops.

Inventory:

Hand Weapons
 a - a +0 falchion of slicing
 b - a +1 dagger of venom (weapon)
 k - a +0 shortbow
 w - a +0 falchion of holy wrath
 I - a +2 whip of freezing
Missiles
 e - 87 bolts
 f - 451 stones (quivered)
 m - 177 arrows
 o - 6 throwing nets
 t - 109 sling bullets
 V - 30 poisoned darts
Armour
 y - a cursed +2 leather armour of poison resistance (worn)
 z - a +1 pair of boots of stealth
 F - a +0 pair of gloves (worn)
 N - a cursed +0 helmet (worn)
 U - a cursed +1 pair of boots of running (worn)
Magical Staves
 q - an uncursed staff of earth
Jewellery
 j - an uncursed ring of fire
 r - the ring of Butofytz {rN++ MR+ MP+9 Int-4}
   (You found it in a Gauntlet)

   [ring of protection from magic]

   It affects your intelligence (-4).
   It greatly protects you from negative energy.
   It affects your resistance to hostile enchantments.
   It affects your magic capacity (+9).
 Q - an uncursed ring of ice
Wands
 E - a wand of acid (19)
 J - a wand of polymorph (19)
 L - a wand of flame (45)
 O - a wand of iceblast (2)
Scrolls
 h - 2 scrolls of magic mapping
 i - 11 scrolls of remove curse
 l - 3 scrolls of fear
 n - 7 scrolls of teleportation
 v - 3 scrolls of amnesia
 A - 3 scrolls of enchant weapon
 D - 2 scrolls of fog
 G - 2 scrolls of blinking {unknown}
 H - a scroll of holy word {unknown}
 K - a scroll of brand weapon
 R - 2 scrolls of vulnerability
 T - a scroll of summoning
Potions
 c - 3 potions of haste
 p - 2 potions of resistance
 s - a potion of agility
 u - 2 potions of heal wounds
 x - 4 potions of curing
 B - 2 potions of mutation
 C - 3 potions of ambrosia
 M - a potion of flight
 P - a potion of might
 S - a potion of lignification
Comestibles
 d - 22 rations


   Skills:
 + Level 6.6 Fighting
 + Level 6.6 Short Blades
 + Level 6.6 Long Blades
 + Level 6.6 Axes
 + Level 6.6 Maces & Flails
 + Level 6.6 Polearms
 + Level 6.6 Staves
 + Level 6.6 Slings
 + Level 6.6 Bows
 + Level 6.6 Crossbows
 + Level 6.6 Throwing
 + Level 6.6 Armour
 + Level 8.1 Dodging
 + Level 7.9 Stealth
 + Level 6.6 Shields
 + Level 6.6 Unarmed Combat
 + Level 9.7 Spellcasting
 + Level 5.9 Conjurations
 + Level 5.4 Hexes
 + Level 5.4 Charms
 + Level 5.9 Summonings
 + Level 5.4 Necromancy
 + Level 5.9 Translocations
 + Level 5.4 Transmutations
 + Level 5.4 Fire Magic
 + Level 5.4 Ice Magic
 + Level 5.4 Air Magic
 + Level 5.4 Earth Magic
 + Level 5.4 Poison Magic
 + Level 7.2 Invocations
 + Level 6.6 Evocations


You had 16 spell levels left.
You knew the following spells:

 Your Spells              Type           Power        Failure   Level  Hunger
a - Magic Dart            Conj           ####         1%          1    None
c - Conjure Flame         Conj/Fire      #####...     2%          3    None
d - Summon Lightning Spi  Summ/Air       #####...     7%          4    ##.....
e - Mephitic Cloud        Conj/Pois/Air  #####...     2%          3    None
g - Blink                 Tloc           N/A          1%          2    None

Your spell library contained the following spells:

 Spells                   Type           Power        Failure   Level  Hunger
 Beastly Appendage        Tmut           #####.       1%          1    None
 Infusion                 Chrm           ####         1%          1    None
 Summon Small Mammal      Summ           ####         1%          1    None
 Call Imp                 Summ           #####...     1%          2    None
 Shroud of Golubria       Chrm/Tloc      #####.       1%          2    None
 Slow                     Hex            #####...     1%          2    None
 Song of Slaying          Chrm           #####...     1%          2    None
 Sticks to Snakes         Tmut           #####...     1%          2    None
 Call Canine Familiar     Summ           #####...     1%          3    None
 Regeneration             Chrm/Necr      #####.....   2%          3    None
 Spectral Weapon          Hex/Chrm       #####...     2%          3    None
 Spider Form              Tmut/Pois      #####.....   2%          3    None
 Summon Guardian Golem    Hex/Summ       #####...     2%          3    None
 Summon Ice Beast         Ice/Summ       #####...     7%          4    ##.....
 Ice Form                 Ice/Tmut       #####...     8%          4    ##.....
 Blade Hands              Tmut           #####.....   22%         5    ####...


Dungeon Overview and Level Annotations

Branches:
Dungeon (12/15)            Temple (1/1) D:6            Lair (1/6) D:9
Ossuary (visited)         Gauntlet (1/1)
    Orc: D:9-12

Altars:
Ashenzari
Cheibriados
Dithmenos
Elyvilon
Fedhas
Gozag
Hepliaklqana
Kikubaaqudgha
Makhleb
Nemelex Xobeh
Okawaru
Qazlal
Ru
Sif Muna
Trog
Uskayaw
Vehumet
Wu Jian
Xom
Yredelemnul
Zin
The Shining One
Beogh
Lugonu

Shops:
D:5 ?

Annotations:
Gauntlet 10 transporters, exclusion: ice statue


Innate Abilities, Weirdness & Mutations

Your experience applies equally to all skills.
You have very sharp teeth.
Your uncanny sense of smell can sniff out nearby items.


Message History

The ball explodes into a vile cloud!
The stinking cloud engulfs the minotaur but does no damage.
The minotaur is lightly wounded.
The minotaur is engulfed in noxious fumes.
The minotaur throws a silver javelin.
The silver javelin pierces through you!!
* * * LOW HITPOINT WARNING * * *
x2 The minotaur is engulfed in noxious fumes.
Okay, then.
Unknown command.
Unknown command.
You fade into invisibility!
You are very lightly contaminated with residual magic.
The minotaur throws a silver javelin.
The silver javelin pierces through you!
* * * LOW HITPOINT WARNING * * *
x2 You see here a silver javelin.
The minotaur throws a silver javelin.
The minotaur throws a silver javelin.
The silver javelin pierces through you!!
You die...

#########!+⌠...#####
###########..∩.#####
############.#######
############H#######
######.....(8......#
######.###.###.###.#
######.............#
########(###.###.###
########.###@###.#####
####≈....H..........≈#
######8.8.8.8.8.8.8.8.8# ##
#8####§...............≈# #8
##########.#########.##########
#≈.......#.#..§∩≈..#.#.......§#
##........#©#.......#©#........##
8#..###########...###########..#8
##..##.......##...##3.......#..##


You could see a minotaur.

Vanquished Creatures
  2 two-headed ogres
  A death drake (Gauntlet)
  A wizard (Gauntlet)
  Pikel (D:6)
  A deep elf mage (D:11)
  2 spectral centaurs (Gauntlet)
  3 hornets
  Prince Ribbit (D:7)
  2 hippogriffs (D:8)
  Sigmund (D:4)
  A human (D:8)
  A yak (D:8)
  3 hogs (D:8)
  A basilisk (Lair:1)
  A hungry ghost (D:8)
  Menkaure (D:4)
  A soldier ant (D:11)
  Edmund (D:4)
  2 water moccasins (Lair:1)
  A porcupine (Lair:1)
  5 phantoms
  2 ice beasts
  2 sky beasts
  3 orc warriors
  3 ogres
  4 centaurs
  6 bullfrogs
  6 scorpions
  A wyvern skeleton (D:11)
  A killer bee (D:10)
  3 wights (D:9)
  A howler monkey (D:9)
  6 crimson imps
  3 centaur zombies
  6 jellies
  2 bullfrog zombies
  4 orc priests
  3 hounds
  A centaur skeleton (D:7)
  6 bullfrog skeletons
  2 iguanas
  9 orc wizards
  4 worker ants
  6 big kobold zombies (Ossuary)
  5 mummies (Ossuary)
  2 worker ant zombies
  4 gnolls (D:10)
  12 adders
  2 howler monkey skeletons
  An ooze (D:2)
  An adder skeleton (D:8)
  2 worms
  3 dart slugs
  11 leopard geckos
  44 orcs
  3 bats
  3 giant cockroaches (D:2)
  7 goblins
  6 hobgoblins
  7 jackals
  14 kobolds
  5 quokkas
  4 frilled lizards
  3 hobgoblin zombies (Ossuary)
  4 quokka skeletons
  A quokka zombie (D:9)
  3 rats (D:3)
  A plant (D:2)
265 creatures vanquished.

Vanquished Creatures (collateral kills)
  A cyclops (D:11)
  A spectral centaur (Gauntlet)
  A spiny frog (Lair:1)
  A hippogriff (Lair:1)
  A shadow (D:11)
  3 yaks (D:11)
  A porcupine (Lair:1)
  An eye of draining (D:11)
  A black bear (D:10)
  A crocodile (Lair:1)
  A big kobold (D:10)
  A gnoll sergeant (D:10)
  2 killer bees (D:10)
  3 orc priests (D:10)
  An adder (D:11)
  A shadow imp (Gauntlet)
21 creatures vanquished.

Vanquished Creatures (others)
  A leopard gecko (D:6)
  An orc (D:8)
  4 fungi
  4 plants
10 creatures vanquished.

Grand Total: 296 creatures vanquished

Notes
Turn   | Place    | Note
-------+----------+-------------------------------------------
     0 | D:1      | Kagalorn the Gnoll Wizard began the quest for the Orb.
     0 | D:1      | Reached XP level 1. HP: 13/13 MP: 8/8
   176 | D:1      | Reached XP level 2. HP: 19/19 MP: 8/10
   673 | D:2      | Found a hazy altar of Hepliaklqana.
   695 | D:2      | Reached XP level 3. HP: 16/25 MP: 4/11
   699 | D:2      | Learned a level 2 spell: Blink
   703 | D:2      | Learned a level 3 spell: Conjure Flame
   707 | D:2      | Learned a level 3 spell: Mephitic Cloud
   806 | D:2      | Reached skill level 1 in Invocations
  1056 | D:1      | Reached skill level 1 in Fighting
  1056 | D:1      | Reached skill level 1 in Short Blades
  1056 | D:1      | Reached skill level 1 in Long Blades
  1056 | D:1      | Reached skill level 1 in Axes
  1056 | D:1      | Reached skill level 1 in Maces & Flails
  1056 | D:1      | Reached skill level 1 in Polearms
  1056 | D:1      | Reached skill level 1 in Staves
  1056 | D:1      | Reached skill level 1 in Slings
  1056 | D:1      | Reached skill level 1 in Bows
  1056 | D:1      | Reached skill level 1 in Crossbows
  1056 | D:1      | Reached skill level 1 in Throwing
  1056 | D:1      | Reached skill level 1 in Armour
  1056 | D:1      | Reached skill level 1 in Shields
  1056 | D:1      | Reached skill level 1 in Unarmed Combat
  1056 | D:1      | Reached skill level 1 in Evocations
  1056 | D:1      | Reached XP level 4. HP: 21/32 MP: 0/13
  1319 | D:2      | Found a stormy altar of Qazlal.
  1562 | D:2      | Found a white marble altar of Elyvilon.
  1762 | D:2      | Reached skill level 1 in Hexes
  1762 | D:2      | Reached skill level 1 in Charms
  1762 | D:2      | Reached skill level 1 in Necromancy
  1762 | D:2      | Reached skill level 1 in Transmutations
  1762 | D:2      | Reached skill level 1 in Fire Magic
  1762 | D:2      | Reached skill level 1 in Ice Magic
  1762 | D:2      | Reached skill level 1 in Air Magic
  1762 | D:2      | Reached skill level 1 in Earth Magic
  1762 | D:2      | Reached skill level 1 in Poison Magic
  1833 | D:2      | Found a blossoming altar of Fedhas.
  2100 | D:3      | Reached XP level 5. HP: 36/37 MP: 5/14
  2193 | D:3      | Found an ancient bone altar of Kikubaaqudgha.
  2193 | D:3      | Found a shimmering blue altar of Sif Muna.
  2195 | D:3      | Found a radiant altar of Vehumet.
  2199 | D:3      | Identified Vehumet's Incunabulum of Battle Magic
  2708 | D:3      | Found a glowing golden altar of the Shining One.
  3076 | D:4      | Reached XP level 6. HP: 42/44 MP: 8/16
  3093 | D:4      | Noticed a phantom
  3125 | D:4      | Killed a phantom
  3125 | D:4      | Reached skill level 5 in Dodging
  3227 | D:4      | Noticed Edmund
  3229 | D:4      | Noticed Menkaure
  3313 | D:4      | Killed Edmund
  3313 | D:4      | Reached XP level 7. HP: 50/50 MP: 0/18
  3805 | D:4      | Noticed Sigmund
  4084 | D:4      | Killed Menkaure
  4341 | D:4      | Killed Sigmund
  4341 | D:4      | Reached skill level 5 in Stealth
  4397 | D:5      | Entered Level 5 of the Dungeon
  4400 | D:5      | Found Sedwyss's Magic Scroll Shoppe.
  4404 | D:5      | Bought a scroll of amnesia for 38 gold pieces
  4404 | D:5      | Bought a scroll of fog for 22 gold pieces
  4404 | D:5      | Bought a scroll of identify for 22 gold pieces
  4404 | D:5      | Bought a scroll of remove curse for 33 gold pieces
  4404 | D:5      | Bought a scroll of magic mapping for 38 gold pieces
  4632 | D:5      | Reached XP level 8. HP: 25/57 MP: 17/19
  5442 | D:5      | Reached skill level 8 in Spellcasting
  6081 | D:6      | Found a sand-covered staircase.
  6106 | Ossuary  | Entered an ossuary
  6415 | Ossuary  | Reached XP level 9. HP: 43/65 MP: 10/21
  6758 | D:6      | Found a staircase to the Ecumenical Temple.
  6759 | D:6      | Noticed Pikel
  6761 | Temple   | Entered the Ecumenical Temple
  7185 | D:6      | Killed Pikel
  7345 | D:6      | Found a snail-covered altar of Cheibriados.
  7346 | D:6      | Found a basalt altar of Yredelemnul.
  7351 | D:6      | Found a sacrificial altar of Ru.
  8046 | D:7      | Noticed a two-headed ogre
  8145 | D:7      | Noticed Prince Ribbit
  8169 | D:7      | Found a shimmering altar of Xom.
  8307 | D:7      | Killed a two-headed ogre
  8307 | D:7      | Reached skill level 5 in Invocations
  8307 | D:7      | Reached XP level 10. HP: 56/73 MP: 13/22
  8630 | D:7      | Killed Prince Ribbit
  8772 | D:7      | Found a hide-covered altar of Uskayaw.
  8970 | D:8      | Reached skill level 5 in Fighting
  8970 | D:8      | Reached skill level 5 in Short Blades
  8970 | D:8      | Reached skill level 5 in Long Blades
  8970 | D:8      | Reached skill level 5 in Axes
  8970 | D:8      | Reached skill level 5 in Maces & Flails
  8970 | D:8      | Reached skill level 5 in Polearms
  8970 | D:8      | Reached skill level 5 in Staves
  8970 | D:8      | Reached skill level 5 in Slings
  8970 | D:8      | Reached skill level 5 in Bows
  8970 | D:8      | Reached skill level 5 in Crossbows
  8970 | D:8      | Reached skill level 5 in Throwing
  8970 | D:8      | Reached skill level 5 in Armour
  8970 | D:8      | Reached skill level 5 in Shields
  8970 | D:8      | Reached skill level 5 in Unarmed Combat
  8970 | D:8      | Reached skill level 5 in Evocations
 10201 | D:8      | Found an ornate altar of the Wu Jian Council.
 10576 | D:8      | Reached skill level 9 in Spellcasting
 10688 | D:8      | Noticed a two-headed ogre
 10741 | D:8      | Killed a two-headed ogre
 10741 | D:8      | Reached skill level 5 in Conjurations
 10741 | D:8      | Reached skill level 5 in Summonings
 10741 | D:8      | Reached skill level 5 in Translocations
 11341 | D:8      | Reached XP level 11. HP: 81/81 MP: 2/24
 11467 | D:9      | Found a hide-covered altar of Uskayaw.
 11517 | D:9      | Found a shattered altar of Ashenzari.
 11610 | D:9      | Became a worshipper of Ashenzari the Shackled
 12564 | D:9      | Found a staircase to the Lair.
 12583 | D:9      | Learned a level 4 spell: Summon Lightning Spire
 12800 | D:9      | Found an opulent altar of Gozag.
 12800 | D:9      | Found an iron altar of Okawaru.
 13020 | D:10     | Entered Level 10 of the Dungeon
 13142 | D:10     | Identified the +1 ring mail of the Devil's Advocate {rC-
                  | Str+5 Int+2 Stlth+}
 13492 | D:10     | Found a roughly hewn altar of Beogh.
 14006 | D:11     | Reached skill level 5 in Hexes
 14006 | D:11     | Reached skill level 5 in Charms
 14006 | D:11     | Reached skill level 5 in Necromancy
 14006 | D:11     | Reached skill level 5 in Transmutations
 14006 | D:11     | Reached skill level 5 in Fire Magic
 14006 | D:11     | Reached skill level 5 in Ice Magic
 14006 | D:11     | Reached skill level 5 in Air Magic
 14006 | D:11     | Reached skill level 5 in Earth Magic
 14006 | D:11     | Reached skill level 5 in Poison Magic
 14397 | D:11     | Noticed a cyclops
 14793 | D:11     | Killed a cyclops
 14831 | D:11     | Identified a scroll of acquirement
 15059 | D:12     | Noticed a deep elf mage
 15067 | D:11     | Killed a deep elf mage
 15206 | Lair:1   | Entered Level 1 of the Lair of Beasts
 15307 | Lair:1   | Reached * piety under Ashenzari
 15327 | Lair:1   | Found a gate leading to a gauntlet.
 15359 | Gauntlet | Entered a Gauntlet
 15359 | Gauntlet | Found a transporter.
 15359 | Gauntlet | Found a transporter.
 15363 | Gauntlet | Found a transporter.
 15363 | Gauntlet | Found a transporter.
 15371 | Gauntlet | Noticed a death ooze
 15372 | Gauntlet | Found a transporter.
 15393 | Gauntlet | Found a transporter.
 15401 | Gauntlet | Found a transporter.
 15401 | Gauntlet | Noticed a death drake
 15404 | Gauntlet | Found a transporter.
 15407 | Gauntlet | Noticed a wretched star
 15425 | Gauntlet | Found a transporter.
 15432 | Gauntlet | Found a transporter.
 15446 | Gauntlet | Found a transporter.
 15466 | Gauntlet | Found a transporter.
 15485 | Gauntlet | Noticed a wizard
 15501 | Gauntlet | Identified the ring of Butofytz {rN++ MR+ MP+9 Int-4}
 15512 | Gauntlet | Found a transporter.
 15528 | Gauntlet | Found a transporter.
 15627 | Gauntlet | Found a transporter.
 15640 | Gauntlet | Noticed a tengu warrior
 15641 | Gauntlet | Found a transporter.
 15875 | Gauntlet | Killed a wizard
 16139 | Gauntlet | Killed a death drake
 16255 | Gauntlet | Identified a +1 pair of boots of running (You found it in a
                  | Gauntlet)
 16431 | Gauntlet | Noticed a minotaur
 16466 | Gauntlet | Hit by a silver javelin thrown by a minotaur

Levels and vault maps discovered:
D:1:      psy_arrival_whirlpool, layout_loops_cross
D:2:      layout_basic, grunt_temple_overflow_forces_of_nature,
          nicolae_overflow_crystal_walls, lemuel_round_altar, st_stairs_3,
          serial_bayou_lagoon_a
D:3:      layout_basic, grunt_temple_overflow_magic_moments,
          nicolae_tso_swordbearing_angel, hex_large
D:4:      layout_basic, kennysheep_donut, uniq_menkaure, uniq_edmund,
          uniq_sigmund
D:5:      layout_gridville, first_ration, serial_shops, nicolae_shop_stone
D:6:      layout_cave_pools, grunt_temple_overflow_open, temple_fountains,
          nicolae_ossuary_entry_monument, uniq_pikel
D:7:      layout_cave_pools, kennysheep_mini_moat, basic_altar,
          roderic_roman_lattice, uniq_prince_ribbit1
D:8:      layout_basic, basic_altar, grunt_livestock, lemuel_another_geyser
D:9:      layout_cave_pods, gammafunk_temple_overflow_wave,
          eat_drink_and_be_merry_uskayaw, nicolae_ashenzari_panopticon,
          dpeg_oklobed_lair
D:10:     layout_long_grid, david_defended_altar_orc
D:11:     layout_grid_maze
D:12:     layout_rooms, david_orc_3, lemuel_angel_altar
Temple:   corrupted_temple
Lair:1:   layout_gridlike, gauntlet_entry_generic, grunt_megastairs_4
Gauntlet: gammafunk_gauntlet_branching [gammafunk_gauntlet_arena_corners,
          nicolae_gauntlet_arena_t_cross, gammafunk_gauntlet_arena_teeth,
          gammafunk_gauntlet_arena_arrow_garden, nicolae_gauntlet_swirl,
          nicolae_gauntlet_arena_quarters, nicolae_gauntlet_arena_x,
          gammafunk_gauntlet_arena_spirals, gauntlet_exit_hidden_loot]

Skill      XL: |  1  2  3  4  5  6  7  8  9 10 11 |
---------------+----------------------------------+-----
Conjurations   | 2 3 4 5 |  5.9
Summonings     | 2 3 4 5 |  5.9
Translocations | 2 3 4 5 |  5.9
Invocations    | 1 2 3 4 5 6 7 |  7.2
Fighting       | 1 2 3 4 5 6 |  6.6
Short Blades   | 1 2 3 4 5 6 |  6.6
Long Blades    | 1 2 3 4 5 6 |  6.6
Axes           | 1 2 3 4 5 6 |  6.6
Maces & Flails | 1 2 3 4 5 6 |  6.6
Polearms       | 1 2 3 4 5 6 |  6.6
Staves         | 1 2 3 4 5 6 |  6.6
Slings         | 1 2 3 4 5 6 |  6.6
Bows           | 1 2 3 4 5 6 |  6.6
Crossbows      | 1 2 3 4 5 6 |  6.6
Throwing       | 1 2 3 4 5 6 |  6.6
Armour         | 1 2 3 4 5 6 |  6.6
Shields        | 1 2 3 4 5 6 |  6.6
Unarmed Combat | 1 2 3 4 5 6 |  6.6
Evocations     | 1 2 3 4 5 6 |  6.6
Hexes          | 1 2 3 4 5 |  5.4
Charms         | 1 2 3 4 5 |  5.4
Necromancy     | 1 2 3 4 5 |  5.4
Transmutations | 1 2 3 4 5 |  5.4
Fire Magic     | 1 2 3 4 5 |  5.4
Ice Magic      | 1 2 3 4 5 |  5.4
Air Magic      | 1 2 3 4 5 |  5.4
Earth Magic    | 1 2 3 4 5 |  5.4
Poison Magic   | 1 2 3 4 5 |  5.4
Dodging        | 5 6 7 8 |  8.1
Stealth        | 5 6 7 |  7.9
Spellcasting   | 8 9 |  9.7

Action                   |  1- 3 |  4- 6 |  7- 9 | 10-12 || total
-------------------------+-------+-------+-------+-------++-------
Melee: Falchion          |       |    60 |   120 |    95 ||   275
       Bite              |       |    15 |    26 |    18 ||    59
       Dagger            |       |       |    25 |    17 ||    42
       Punch             |       |       |     4 |     3 ||     7
       Unarmed           |       |       |       |    20 ||    20
 Fire: Shortbow          |       |       |       |     9 ||     9
Throw: Stone             |     5 |     6 |       |       ||    11
 Cast: Magic Dart        |    79 |   168 |   269 |   627 ||  1143
       Conjure Flame     |     2 |     6 |    15 |    19 ||    42
       Blink             |       |     4 |    24 |    15 ||    43
       Mephitic Cloud    |       |       |     6 |     7 ||    13
       Summon Lightning  |       |       |       |    24 ||    24
Invok: Curse Item        |       |       |       |     3 ||     3
       Scrying           |       |       |       |     1 ||     1
Evoke: Wand              |       |       |       |     5 ||     5
  Use: Scroll            |       |       |    10 |    11 ||    21
       Potion            |       |       |     1 |     2 ||     3
 Stab: Sleeping          |       |     1 |       |     2 ||     3
  Eat: Chunk             |       |     7 |     5 |    17 ||    29
       Ration            |       |       |     3 |     3 ||     6
Armor: Robe              |     1 |     1 |       |       ||     2
       Leather armour    |       |    19 |    51 |   108 ||   178
       Skin              |       |       |       |     1 ||     1
Dodge: Dodged            |    19 |    50 |   184 |   282 ||   535
       Rpst.: Falchion   |     2 |    19 |    52 |    69 ||   142

Table legend:
 A = Non-vault XP
 B = Vault XP
 C = Vault XP percentage of total XP
 D = Non-vault monster count
 E = Vault monster count
 F = Vault count percentage of total count
                 A         B        C        D         E       F
            +---------+---------+-------+---------+---------+-------
      Total |   10867 |    6335 |  36.8 |     242 |      43 |  15.1
            +---------+---------+-------+---------+---------+-------
        D:1 |      41 |       0 |   0.0 |      15 |       0 |   0.0
        D:2 |      87 |       7 |   7.4 |      28 |       2 |   6.7
        D:3 |     139 |       0 |   0.0 |      28 |       0 |   0.0
        D:4 |     196 |     552 |  73.8 |       8 |       3 |  27.3
        D:5 |    1171 |       0 |   0.0 |      23 |       0 |   0.0
        D:6 |     734 |     625 |  46.0 |      16 |       1 |   5.9
        D:7 |    1228 |     268 |  17.9 |      13 |       1 |   7.1
        D:8 |    2867 |     975 |  25.4 |      35 |       5 |  12.5
        D:9 |    1229 |       0 |   0.0 |      31 |       0 |   0.0
       D:10 |     815 |      71 |   8.0 |      21 |       3 |  12.5
       D:11 |    1735 |       0 |   0.0 |      18 |       0 |   0.0
     Lair:1 |     625 |     517 |  45.3 |       6 |       3 |  33.3
    Ossuary |       0 |     340 | 100.0 |       0 |      16 | 100.0
   Gauntlet |       0 |    2980 | 100.0 |       0 |       9 | 100.0
            +---------+---------+-------+---------+---------+-------
